[Event "*** Titled Tuesday Blitz"]
[Site "Chess.com"]
[Date "2020.04.21"]
[Round "6"]
[White "semchik73"]
[Black "Forantes"]
[Result "0-1"]
[WhiteElo "2277"]
[BlackElo "2439"]
[TimeControl "180+1"]
[EndTime "11:10:33 PDT"]
[Termination "Forantes won by resignation"]

1. Nf3 Nf6 2. c4 g6 3. Nc3 d5 4. cxd5 Nxd5 5. e4 Nxc3 6. bxc3 Bg7 7. d4 c5 8. Be2 O-O 9. O-O Nc6 10. Be3 cxd4 11.
cxd4 Bg4 12. e5 Rc8 13. Qa4 Qa5 14. Qxa5 Nxa5 15. Rfc1 Be6 16. Ng5 Bd5 17. Bf3 e6 18.
Ne4 Rxc1+ 19. Rxc1 Nc4 20. Bg5 b5 21. Nd6 a6 22.
Be7 Rb8 23. Be2 Bf8 24. Bxf8 Kxf8 25. Nxc4 bxc4 26. Kf1 Rb4 27. a3 Ra4 28. Rc3 Ke7 29. f4 Kd7 30. Bd1 Ra5 31. Be2 Ra4 32. Bd1 Ra5 33.
Be2 Rb5 34. Bxc4 Bxc4+ 35. Rxc4 Rb1+ 36. Kf2 Rb2+ 37. Kf1 Ra2 38. Ra4 Kc6 39. Rc4+ Kd5 40. Rc7 Kxd4 41. Rxf7 Ke3 42. g3 Rxa3 43. Rxh7 a5 44.
Ra7 Ra1+ 45. Kg2 a4 46. h4 a3 47. Kh3 Kf3 48. Kh2 Ra2+ 49. Kh3 Ra1 50. Kh2 Kg4 51. Kg2 Ra2+ 52. Kg1 Kxg3 53. Kf1 Kxf4 54. Ra5 Kg3 55. Ke1 Kxh4 56. Kd1 g5 57. Kc1 g4 58. Kb1 Rb2+ 59.
Kc1 Rb3 60. Ra4 Kh3 61. Kc2 Rf3 62. Ra7 a2 63. Kb2 Rf2+ 64. Ka1 g3 65. Rh7+ Kg2 66. Rh6 Rf3 67. Rxe6 Kf2 68. Rg6 g2 69. e6 Re3 70.
Kxa2 g1=Q 71. Rxg1 Kxg1 72. Kb2 Rxe6 73. Kc3 Rh6 74.
Kd3 Kg2 75. Ke3 Kg3 76. Ke4 Kg4 77. Ke5 Rh5+ 78. Kd4 Rf5 79. Ke4 Rf1 80. Ke3 Rf8 81.
Ke2 Re8+ 82. Kd3 Kf4 83. Kd4 Rd8+ 84. Kc5 Ke4 0-1

[Event "*** Titled Tuesday Blitz"]
[Site "Chess.com"]
[Date "2020.04.21"]
[Round "6"]
[White "Sychev_Klementy"]
[Black "Leonid_Starozhilov"]
[Result "1-0"]
[WhiteElo "2847"]
[BlackElo "2633"]
[TimeControl "180+1"]
[EndTime "11:10:34 PDT"]
[Termination "Sychev_Klementy won on time"]

1. e4 d6 2. Nf3 Nf6 3. Nc3 Nbd7 4.
d4 e5 5. Rg1 h5 6. h3 c6 7. g4 hxg4 8. hxg4 exd4 9. Nxd4 Nc5 10.
Qe2 Bxg4 11. Rxg4 Nxg4 12. Qxg4 Qf6 13. Be3 Rh4 14. Qg2 g6 15. O-O-O Bh6 16. Bxh6 Rxh6 17.
Qg4 Rh4 18. Qg3 O-O-O 19. f3 Rdh8 20. Nb3 Nxb3+ 21. axb3 Qe5 22. Qxe5 dxe5 23. Be2 Rh1 24. Kd2 Rd8+ 25. Ke3 Rdh8 26. Rxh1 Rxh1 27. Nd1 Kd7 28. Nf2 Rh8 29. Nd3 Kd6 30. b4 b6 31. c3 f6 32. Bd1 f5 33. Be2 Rh2 34. Kd2 fxe4 35. fxe4 Rh4 36. Ke3 Rh3+ 37. Bf3 Rh2 38. Nf2 Rh8 39.
Be2 Ra8 40. Kd2 a5 41. bxa5 Rxa5 42. Ng4 Ra8 43. Ne3 b5 44. Bf3 Rf8 45. Ke2 Rh8 46. Bg2 Ra8 47. Kd2 Ra1 48. Nd1 Ra8 49. Bf3 Rh8 50.
Ke3 Kc5 51. Nf2 Ra8 52. Nd3+ Kd6 53. Bg4 Ra2 54. b4 Ra3 55. Kd2 Ra2+ 56. Kc1 Rg2 57.
Bf3 Rg3 58. Be2 Re3 59. Kd2 Rxe4 60. Bf3 Rh4 61. Nf2 Rh2 62. Ke3 Rh8 63. Ne4+ Kc7 64. Nc5 Rh2 65. Nd3 Rh3 66. Nxe5 Kb6 67. Nd3 Rh4 68. Nf2 Rc4 69. Ne4 Kc7 70. Be2 Kb6 71. Bxc4 bxc4 72. Kd4 g5 73. Kxc4 g4 74. Kd4 Kb5 75.
Ng3 Ka4 76. Kc5 1-0

[Event "*** Titled Tuesday Blitz"]
[Site "Chess.com"]
[Date "2020.04.21"]
[Round "6"]
[White "Philosopherrr"]
[Black "harrisonchess21"]
[Result "1/2-1/2"]
[WhiteElo "2484"]
[BlackElo "2623"]
[TimeControl "180+1"]
[EndTime "11:10:35 PDT"]
[Termination "Game drawn - insufficient material"]

1. e4 d6 2. d4 Nf6 3. Nd2 e5 4. c3 g6 5. Bd3 Bg7 6. Ngf3 Nc6 7. O-O O-O 8. Re1 Bg4 9. h3 Bd7 10. Nf1 Nh5 11. Be3 Nf4 12. Bxf4 exf4 13. e5 dxe5 14. d5 Ne7 15. Nxe5 Nxd5 16. Bc4 Nb6 17. Nxf7 Rxf7 18. Bxf7+ Kxf7 19. Qb3+ Kf8 20. Rad1 Qf6 21.
Nd2 Qf7 22. Qb4+ Kg8 23. Re7 Qf5 24. Nf3 Bf8 25. Qb3+ Kh8 26. Rf7 Qb5 27. Rdxd7 Qxb3 28. Rxh7+ Kg8 29. axb3 Nxd7 30. Rxd7 Bd6 31. Nd4 Re8 32.
Nb5 Re1+ 33. Kh2 Be5 34. Rd5 c6 35. Rd8+ Kh7 36. Rd7+ Kh6 37. Nd4 Rf1 38. Nf3 Bf6 39.
Rxb7 Rxf2 40. Rxa7 Rxb2 41. Ra6 Bxc3 42. Rxc6 Rxb3 43. Nh4 Kg5 44. Nxg6 Be1 45. h4+ Kf5 46. Ne7+ Kg4 47. Rg6+ Kxh4 48. Nf5+ Kh5 49. Rg8 Bc3 50.
Rc8 Be5 51. Rc5 Bf6 52. Nd4+ Kg4 53. Nxb3 Bh4 54. Nd2 Bf2 55. Nf3 Bxc5 56. Kh1 Be3 57. Kh2 Bf2 58. Ne5+ Kf5 59. Nd3 Bg3+ 60. Kh3 Ke4 61.
Nc5+ Ke3 62. Ne6 Kf2 63. Nxf4 Bxf4 64. g4 Bg5 65. Kh2 Kf3 66. Kh3 Kf4 67. Kh2 Kxg4 1/2-1/2

[Event "*** Titled Tuesday Blitz"]
[Site "Chess.com"]
[Date "2020.04.21"]
[Round "6"]
[White "kleinebeer98"]
[Black "Munkhzul_Turmunkh"]
[Result "1/2-1/2"]
[WhiteElo "2699"]
[BlackElo "2493"]
[TimeControl "180+1"]
[EndTime "11:10:37 PDT"]
[Termination "Game drawn by stalemate"]

1. e4 c5 2. b4 cxb4 3. a3 d5 4. exd5 Qxd5 5. Nf3 Nf6 6. axb4 Bg4 7. Nc3 Bxf3 8.
Nxd5 Bxd1 9. Nc7+ Kd8 10. Nxa8 Bxc2 11. Rxa7 Be4 12. f3 Bd5 13. Nb6 Kc7 14. Nxd5+ Nxd5 15. b5 e6 16. Bb2 Bc5 17. Ra8 f6 18. Be2 Nb6 19.
Ra1 N8d7 20. d4 Bb4+ 21. Kf2 Nd5 22. Rhc1+ Kb8 23. Bc4 N7b6 24. Bb3 Nf4 25. Rd1 Nfd5 26. Rac1 Rd8 27. g3 Rd7 28. Rd3 Rd8 29. Bd1 Rd7 30.
f4 Nc7 31. Bf3 Nbd5 32. Ba3 Bxa3 33. Rxa3 Nxb5 34. Rd3 Ndc7 35. Rb1 b6 36. Ra1 Nxd4 37. Rb1 b5 38. Bc6 Rd6 39. Bxb5 Ncxb5 40. Rxd4 Rxd4 41. Rxb5+ Kc7 42. Ke3 Ra4 43. Kf3 Ra2 44. h3 Ra7 45. Rb3 Kd7 46. Rd3+ Ke7 47. Rb3 Kf7 48. Re3 f5 49.
Rb3 Kf6 50. g4 fxg4+ 51. hxg4 h6 52. Re3 Ra5 53. Kg3 e5 54. fxe5+ Rxe5 55. Ra3 Kg5 56. Rf3 g6 57. Ra3 Rd5 58. Rb3 h5 59. gxh5 Kxh5 60.
Kh3 g5 61. Kg3 Rd4 62. Ra3 Rg4+ 63. Kh3 Rh4+ 64. Kg3 Rh1 65. Kg2 Rc1 66. Kg3 Rc5 67. Kg2 Kh4 68. Rh3+ Kg4 69. Rg3+ Kf5 70. Ra3 Rc4 71.
Ra5+ Kg4 72. Ra3 Rc2+ 73. Kg1 Kh4 74. Rb3 g4 75. Ra3 Rd2 76. Rb3 Re2 77. Ra3 Re5 78. Rb3 Rf5 79. Ra3 Rf3 80. Rxf3 gxf3 81. Kf2 Kg4 82. Kf1 Kg3 83. Kg1 f2+ 84. Kf1 Kf3 1/2-1/2

[Event "*** Titled Tuesday Blitz"]
[Site "Chess.com"]
[Date "2020.04.21"]
[Round "6"]
[White "Jospem"]
[Black "wonderfultime"]
[Result "0-1"]
[WhiteElo "2833"]
[BlackElo "2912"]
[TimeControl "180+1"]
[EndTime "11:10:38 PDT"]
[Termination "wonderfultime won by resignation"]

1. e4 c5 2. Nf3 Nf6 3. Nc3 d5 4.
exd5 Nxd5 5. Bb5+ Bd7 6. Bc4 Nb6 7. Be2 Nc6 8. O-O e6 9. a4 Be7 10. a5 Nd5 11. Nxd5 exd5 12. d4 c4 13. c3 O-O 14. a6 b5 15. Bf4 Re8 16. b4 Bf6 17. Re1 Bf5 18. Bf1 Be4 19. Nd2 Bg6 20. Rxe8+ Qxe8 21.
Nf3 Qe4 22. Be3 h6 23. Be2 Qe6 24. Nd2 Ne7 25. Bf3 Nf5 26. Nf1 Rd8 27. Ra5 Qc6 28.
Bf4 Nd6 29. Bxd6 Rxd6 30. Ne3 Bd8 31. Ra1 Bg5 32. Qe1 Bd3 33. g3 Qd7 34. h4 Bxe3 35. Qxe3 Re6 36. Qf4 Rf6 37. Bg4 Qd8 38. Qe5 Rg6 39.
Bf5 Bxf5 40. Qxf5 Rb6 41. Kg2 g6 42. Qf4 h5 43. Ra5 Qd7 44. Qe5 Qd8 45. Ra2 Re6 46. Qf4 Qc8 47. Ra5 Rb6 48. Qg5 Qd7 49. Qe5 Qd8 50.
Qf4 Qd7 51. Ra1 Qd8 52. Qf3 Qd7 53. Qe2 Re6 54. Qd2 Qc8 55. Ra5 Rb6 56. Qc1 Qd7 57. Ra2 Qf5 58. Re2 Rxa6 59. Qh6 Re6 60. Ra2 a6 61.
Kh2 Qf3 62. Qc1 Rf6 63. Qe1 Kg7 64. Qe5 Qf5 65. Qxf5 Rxf5 66. Rxa6 Rxf2+ 67. Kh3 Rc2 68. Rb6 Rxc3 69. Rxb5 Rb3 70. Rxd5 Rxb4 71. Rc5 Kf6 72. d5 Ke5 73. Rc7 Kxd5 74. Rxf7 Rb6 75. g4 c3 76. gxh5 c2 77. Rf1 Rb1 78. h6 Rxf1 79. h7 Rf8 80. h8=Q 0-1

[Event "*** Titled Tuesday Blitz"]
[Site "Chess.com"]
[Date "2020.04.21"]
[Round "6"]
[White "fancyknightmaneuvers"]
[Black "gvanna"]
[Result "0-1"]
[WhiteElo "2593"]
[BlackElo "2474"]
[TimeControl "180+1"]
[EndTime "11:10:40 PDT"]
[Termination "gvanna won by resignation"]

1. e4 c5 2. Nf3 Nc6 3. Bb5 g6 4.
O-O Bg7 5. c3 Nf6 6. Re1 O-O 7.
d4 cxd4 8. cxd4 a6 9. Bf1 d5 10.
e5 Ne4 11. h3 f6 12. exf6 Bxf6 13. Nc3 Bf5 14. Bh6 Re8 15. Qb3 Nxc3 16. bxc3 Na5 17.
Qa3 Rc8 18. Ne5 Nc6 19. Nxc6 Rxc6 20. Rac1 Qc7 21. c4 dxc4 22. d5 Rc5 23. d6 Qxd6 24.
Bxc4+ Kh8 25. Bf7 Rxc1 26. Qxc1 Rc8 27. Qe3 Rc2 28. Qa7 Qc5 29. Qa8+ Qc8 30. Qxc8+ Rxc8 31. Bd5 Rc7 32. Bf4 Rd7 33. Bb3 Kg7 34. Rc1 Be4 35. Be3 Bc6 36. Be6 Rd6 37. Bb3 Bd4 38.
Bf4 e5 39. Bg3 Rf6 40. Re1 Rf5 41. Be6 Rg5 42. Kh2 Bxf2 43. Bxe5+ Kh6 44. Bf4 Bxe1 45. g3 Bxg3+ 46. Bxg3 Kg7 47. Bf4 Ra5 48. Bb3 Rc5 49. Kg3 h6 50. Bd6 Rg5+ 51. Kf4 Rf5+ 52. Kg4 Bd7 53.
Kg3 Rh5 54. h4 Rf5 55. Bc2 Rd5 56. Bf4 Bf5 57. Bb3 Rd3+ 58. Kf2 b5 59. Be5+ Kh7 60.
Bf6 Rh3 61. Kg2 Re3 62. Bd4 Re8 63. Bf6 Be6 64. Bc2 Bxa2 65. Kf3 Bc4 66. h5 Bf7 67. Kf4 Re6 68. Bd4 Rc6 69. Be4 Rc4 70. Be5 a5 71. Ke3 a4 72. Bd3 Rc5 73. Bd4 Rxh5 74. Be4 a3 75. Kf4 Rh4+ 76. Ke5 a2 77. Bc6 Rxd4 0-1

[Event "*** Titled Tuesday Blitz"]
[Site "Chess.com"]
[Date "2020.04.21"]
[Round "6"]
[White "Karina_Ivanova"]
[Black "WPWPWP-2015"]
[Result "1/2-1/2"]
[WhiteElo "2237"]
[BlackElo "2408"]
[TimeControl "180+1"]
[EndTime "11:10:43 PDT"]
[Termination "Game drawn - insufficient material"]

1. Nf3 Nf6 2. c4 c5 3. d4 cxd4 4. Nxd4 Nc6 5. g3 e6 6. Bg2 Bc5 7. Nb3 Be7 8. Nc3 O-O 9. O-O b6 10. e4 e5 11. Nd5 Ba6 12. Qe2 d6 13. Be3 Nxd5 14. exd5 Nb8 15. Rac1 Nd7 16. f4 Rc8 17. Bh3 f5 18. fxe5 Nxe5 19. Rxf5 Rxc4 20. Rxc4 Bxc4 21. Qd1 g6 22. Rxf8+ Qxf8 23. Be6+ Kh8 24. Nd4 Qf6 25. b3 Bd3 26. Bh3 Be4 27. Bg2 Bxg2 28. Kxg2 h5 29. h3 Kh7 30. Nf3 Nf7 31. Bd4 Qf5 32. Qe2 Bf6 33.
Bxf6 Qxf6 34. Qe6 Qb2+ 35. Kg1 Qc1+ 36. Kf2 Qc2+ 37. Qe2 Qc3 38. Qe6 Kg7 39. h4 Qb2+ 40. Ke3 Qc3+ 41. Kf2 Qc2+ 42. Qe2 Qb1 43. Nd4 Ne5 44.
Ne6+ Kf6 45. Kg2 Qc1 46. Qf1+ Qxf1+ 47. Kxf1 Nd3 48. Kg2 Nc1 49. Nc7 Nxa2 50. Nb5 Nb4 51. Nxd6 Nxd5 52. Nc8 a5 53. Nd6 Ke6 54. Nc4 b5 55.
Nxa5 Kd6 56. Kf3 Kc7 57. Ke4 Nc3+ 58. Ke5 Kb6 59. Kf6 Kxa5 60. Kxg6 Ne4 61. Kxh5 Nxg3+ 62. Kg4 Ne4 63. Kf5 Ng3+ 64. Kg4 Ne4 65. Kf5 Nd6+ 66. Ke6 Ne8 67. Kf7 Nd6+ 68. Ke6 Kb4 69. Kxd6 Kxb3 70. h5 b4 71. h6 Kc2 72. h7 b3 73. h8=Q b2 74. Qh7+ Kc1 75. Qh1+ Kc2 76. Qg2+ Kb3 77. Qc6 b1=Q 78. Qb7+ Ka2 79. Qxb1+ Kxb1 1/2-1/2

[Event "*** Titled Tuesday Blitz"]
[Site "Chess.com"]
[Date "2020.04.21"]
[Round "6"]
[White "rpragchess"]
[Black "ToivoK3"]
[Result "1-0"]
[WhiteElo "2781"]
[BlackElo "2894"]
[TimeControl "180+1"]
[EndTime "11:10:44 PDT"]
[Termination "rpragchess won by checkmate"]

1. Nf3 d5 2. g3 Nf6 3. Bg2 e6 4. O-O Be7 5. c4 O-O 6. b3 c5 7.
Bb2 Nc6 8. cxd5 Nxd5 9. d4 cxd4 10. Nxd4 Bd7 11. Na3 Nxd4 12. Qxd4 Bf6 13. Qd2 Bc6 14. Nc4 Ne7 15. Bxf6 Qxd2 16. Nxd2 gxf6 17. Rfd1 Rfd8 18. Rac1 Kg7 19. Nc4 Bxg2 20. Kxg2 b6 21. Ne3 Kf8 22. Rxd8+ Rxd8 23. Rc7 Rd2 24. Rxa7 Rxe2 25. Nc4 Nd5 26. Nd6 Ne7 27. h4 h5 28. a3 Rd2 29. Ne4 Rd3 30.
Nxf6 Rxb3 31. Ra8+ Kg7 32. Nxh5+ Kh6 33. Nf4 e5 34.
Nh3 f6 35. a4 Nf5 36. Ra6 Kg6 37. Ng1 Rb2 38. Nh3 Ne3+ 39. Kf3 Nf5 40. a5 bxa5 41. Rxa5 Nd4+ 42. Kg2 Nf5 43. Ra8 Kg7 44. Ra4 Kg6 45.
h5+ Kh6 46. g4 Ne7 47. Ra6 Nd5 48. Rd6 Rd2 49. Kg3 Rd3+ 50. Kh2 Rd2 51. Rd7 Rd3 52.
f3 Rd2+ 53. Kg3 Rd1 54. Kf2 Nc3 55. Rxd1 Nxd1+ 56. Ke2 Nc3+ 57. Kd2 Nd5 58. Nf2 f5 59. gxf5 Kxh5 60. Ne4 Ne7 61. f6 Ng6 62. Kc3 Kh6 63. Kc4 Kh7 64. Kd5 Kg8 65. Ke6 Kf8 66. Ng5 Nh4 67.
Nh7+ Kg8 68. f7+ Kxh7 69. f8=Q Ng6 70. Qf7+ Kh6 71. Kf5 Nh4+ 72. Kg4 Ng6 73. Qf6 Kh7 74. Kg5 Nh8 75. Qe7+ Nf7+ 76. Kf6 Kh8 77. Qxf7 e4 78. Qg7# 1-0

[Event "*** Titled Tuesday Blitz"]
[Site "Chess.com"]
[Date "2020.04.21"]
[Round "6"]
[White "silverback96"]
[Black "chenrip"]
[Result "0-1"]
[WhiteElo "2177"]
[BlackElo "2366"]
[TimeControl "180+1"]
[EndTime "11:10:49 PDT"]
[Termination "chenrip won by resignation"]

1. d4 Nf6 2. c4 d6 3. Nf3 g6 4. g3 Bg7 5. Bg2 O-O 6. Nc3 Nbd7 7. O-O e5 8. e4 c6 9. h3 h6 10. Be3 Qc7 11. Qc2 a6 12. Rad1 Kh7 13. Rfe1 Re8 14.
b4 Nf8 15. a4 Be6 16. d5 cxd5 17. cxd5 Bd7 18. Qb3 b5 19. a5 Rec8 20. Rc1 Qc4 21. Qb1 Qc7 22. Re2 Qb7 23. Rec2 Be8 24. Nd2 g5 25. Nb3 Ng6 26. Ne2 Bd7 27. Rxc8 Rxc8 28.
Rc2 Ne8 29. Qc1 f5 30. Rxc8 Bxc8 31. Bb6 f4 32. Qc6 Qd7 33. Nc3 Ne7 34. Qxd7 Bxd7 35. Bf1 Nc8 36. Bd8 Kg6 37. Bb6 Kf7 38. gxf4 gxf4 39. f3 Bf6 40. Kf2 Bh4+ 41. Ke2 Ke7 42. Kd2 h5 43. Be2 Bxh3 44. Nxb5 axb5 45. Bxb5 Bd7 46.
Bc6 Bg3 47. Bg1 h4 48. b5 h3 49. b6 Nxb6 50. axb6 Bc8 51. b7 Bxb7 52. Bxb7 h2 53. Bxh2 Bxh2 54. Na5 Bg1 55. Nc6+ Kd7 56. Ba6 Nc7 57. Bf1 Ne8 58. Bh3+ Kc7 59. Ke1 Nf6 60.
Kf1 Be3 61. Kg2 Kb6 62. Be6 Kc5 63. Kh3 Bc1 64. Kh4 Ba3 65. Kg5 Ne8 66. Kg6 Nc7 67. Kf7 Kc4 68. Ke7 Kd3 69. Kd7 Nb5 70.
Bg4 Ke2 71. Nd8 Nd4 72. Nf7 Nxf3 73. Nxd6 Ke3 74. Bxf3 Kxf3 75. Nc4 Kxe4 76. Nxa3 Kxd5 77. Nc2 e4 78. Ke7 f3 79. Kf6 f2 80. Ne3+ Kd4 81. Nf1 e3 82. Kf5 e2 83. Nd2 f1=Q+ 0-1

[Event "*** Titled Tuesday Blitz"]
[Site "Chess.com"]
[Date "2020.04.21"]
[Round "6"]
[White "MFguimaraes"]
[Black "archess2"]
[Result "1-0"]
[WhiteElo "2412"]
[BlackElo "2220"]
[TimeControl "180+1"]
[EndTime "11:10:52 PDT"]
[Termination "MFguimaraes won by checkmate"]

1. e4 c6 2. d4 d5 3. Nd2 dxe4 4. Nxe4 Bf5 5. Qf3 e6 6. Ne2 Nf6 7. Nxf6+ Qxf6 8. Qb3 b6 9. Ng3 Bg6 10. Be3 Bd6 11.
Bd3 O-O 12. Ne4 Qe7 13. Nxd6 Qxd6 14. Be2 Nd7 15. Bf3 e5 16. Rd1 Qf6 17. O-O e4 18. Be2 Qe7 19. f3 a5 20. a4 Nf6 21.
fxe4 Bxe4 22. Bg5 Bd5 23. Bxf6 Qxe2 24. Qg3 g6 25. Rde1 Qd2 26. c4 Bxc4 27. Rf4 Rfe8 28. Be5 Bd5 29. Ref1 b5 30. h4 bxa4 31. h5 Ra7 32.
Rf6 Be4 33. Kh2 Qd3 34. Qg5 Qe2 35. R1f4 Qxh5+ 36. Qxh5 gxh5 37. Rxe4 Rb7 38. Re3 Rd8 39. Rg3+ Kf8 40. Bd6+ Ke8 41. Rg8+ Kd7 42. Rxf7+ Ke6 43. Rxb7 Rxg8 44. Be5 Kd5 45. Ra7 Kc4 46. Rxa5 Kb4 47. Ra6 Rf8 48. Rxc6 Rf2 49. Rb6+ Kc4 50. Rb7 h6 51.
Kh3 Kd5 52. Rb5+ Kc4 53. Rb6 Kd5 54. Rb4 Ke4 55. Rxa4 Rxb2 56. Ra6 Rb3+ 57. Kh2 Rb2 58. Rxh6 Kf5 59. Rxh5+ Kg4 60. Rh3 Re2 61. Rg3+ Kh4 62. Rf3 Kg4 63. Rf8 Rd2 64. Rf4+ Kg5 65. Kh3 Rd3+ 66. g3 Rd1 67. Bf6+ Kg6 68. Kg4 Ra1 69. Bh4 Ra6 70. d5 Ra5 71. Rf6+ Kg7 72. d6 Rd5 73. Bg5 Rd4+ 74. Kh5 Rd5 75. g4 Rd1 76.
Re6 Rh1+ 77. Bh4 Rd1 78. Re7+ Kf8 79. d7 Rd5+ 80. Kg6 Rd6+ 81. Bf6 Kg8 82. Re8# 1-0

[Event "*** Titled Tuesday Blitz"]
[Site "Chess.com"]
[Date "2020.04.21"]
[Round "6"]
[White "AniJak"]
[Black "harkerchess"]
[Result "1-0"]
[WhiteElo "2255"]
[BlackElo "1955"]
[TimeControl "180+1"]
[EndTime "11:10:54 PDT"]
[Termination "AniJak won by checkmate"]

1. e4 e5 2. Nc3 Nf6 3. g3 Bc5 4. Bg2 O-O 5. d3 c6 6. Nge2 d5 7. exd5 cxd5 8. O-O h6 9. d4 exd4 10. Nxd4 Nc6 11. Nb3 Bb6 12. Nxd5 Nxd5 13. Qxd5 Nb4 14. Qc4 a5 15. c3 Nc2 16. Rb1 Bf5 17. Bf4 Bd3 18. Qa4 Bxf1 19. Rxf1 Qd3 20. Nc1 Qa6 21. Qxc2 Rad8 22. Qe4 Qb5 23. b3 Rc8 24. c4 Qc5 25. Qxb7 Rfe8 26. Nd3 Qd4 27. Ne5 Rc7 28. Qa6 Rxe5 29.
Bxe5 Qxe5 30. Qxb6 Rd7 31. c5 Kf8 32. c6 Re7 33. c7 Rxc7 34. a3 Re7 35. b4 axb4 36. axb4 g6 37. b5 Kg7 38. Qa6 Re6 39. Qa4 Rb6 40. Rb1 Qf5 41. Bc6 Qxb1+ 42. Kg2 Kh7 43. Qc4 Qf5 44. h3 Rb8 45. Qd4 Qe6 46. Bd5 Qd6 47. Qc4 f5 48. Bc6 Qc7 49. Qc5 Rb6 50.
Qd5 Kg7 51. Qd4+ Kf7 52. Bd5+ Kf8 53. Qb4+ Qd6 54. Qc4 Ke7 55. Bc6 Kd8 56. Qg8+ Kc7 57. Qg7+ Kb8 58. Qxh6 Rxc6 59. bxc6 Qxc6+ 60. Kh2 Kc7 61. Qf4+ Kd7 62. g4 fxg4 63. hxg4 Ke7 64. Kg3 Qc3+ 65.
f3 Qe1+ 66. Kh3 Qh1+ 67. Kg3 Qe1+ 68. Kg2 Qe2+ 69. Kg1 Qe1+ 70. Kh2 Qf2+ 71. Kh3 Qf1+ 72. Kh4 Qb5 73. Qg5+ Qxg5+ 74. Kxg5 Kf7 75. f4 Kg7 76. Kh4 Kf7 77. Kg3 Kg7 78. Kf3 Kf6 79. Ke4 Ke6 80. g5 Kf7 81. Kd5 Kg8 82. Ke6 Kg7 83. Ke7 Kh7 84. Kf7 Kh8 85. Kxg6 Kg8 86. f5 Kf8 87. Kh7 Kf7 88. g6+ Kf6 89. g7 Kxf5 90. g8=Q Ke4 91.
Qe6+ Kd3 92. Qd5+ Kc2 93. Qc4+ Kb1 94. Qd3+ Ka1 95. Qd2 Kb1 96. Kg6 Ka1 97. Kf5 Kb1 98. Ke4 Ka1 99. Kd3 Kb1 100. Kc3 Ka1 101. Qb2# 1-0

[Event "*** Titled Tuesday Blitz"]
[Site "Chess.com"]
[Date "2020.04.21"]
[Round "6"]
[White "dey2580"]
[Black "Danfii"]
[Result "0-1"]
[WhiteElo "2433"]
[BlackElo "2306"]
[TimeControl "180+1"]
[EndTime "11:10:55 PDT"]
[Termination "Danfii won by resignation"]

1. d4 Nf6 2. Nf3 e6 3. e3 b6 4. Bd3 d5 5. O-O Bd6 6. c4 O-O 7. Nc3 Bb7 8. b3 a6 9. Bb2 c5 10. cxd5 exd5 11. Rc1 Nbd7 12. Bb1 Re8 13. h3 Rc8 14.
dxc5 bxc5 15. Na4 Ne4 16. Bxe4 Rxe4 17. Nc3 Re8 18. Nxd5 Ne5 19. Nxe5 Bxe5 20. Bxe5 Rxe5 21. Nf4 Qe7 22. Rc3 Rd8 23. Qc2 Be4 24. Qe2 Qb7 25. Qg4 h6 26. h4 Bf5 27. Qg3 Be4 28. Rfc1 Qe7 29. Rc4 Rd2 30. a4 Rb2 31. R4c3 Kh7 32. Rd1 Bc2 33. Rd5 Rb1+ 34. Kh2 Bxb3 35. Nh5 f6 36. Rxe5 fxe5 37. Rxc5 Bd1 38. Rxe5 Qf7 39. Rf5 Qe7 40. Nf4 Bxa4 41. Qg6+ Kg8 42. Rd5 Qxh4+ 43. Nh3 Rb8 44. Qe6+ Kh8 45. Qe5 Rd8 46. Rxd8+ Qxd8 47. Nf4 Bb5 48. Ne6 Qh4+ 49. Kg1 Qe7 50. Qf5 Bd7 51. Qf8+ Qxf8 52. Nxf8 Bf5 53. f3 Kg8 54. e4 Kxf8 55.
exf5 Kf7 56. Kf2 Kf6 57. g4 Kg5 58. Kg3 a5 59. f4+ Kf6 60. Kf3 h5 61. gxh5 Kxf5 62. Ke3 Kg4 63. Kd4 Kxh5 64. Kc5 Kg4 65. Kb5 Kxf4 66. Kxa5 g5 67. Kb4 g4 68. Kc3 g3 69. Kd2 g2 70. Ke2 g1=Q 71. Kd3 Qe3+ 72. Kc4 Qd2 73. Kc5 Ke4 74. Kc4 Qc2+ 75. Kb5 Kd5 0-1

[Event "*** Titled Tuesday Blitz"]
[Site "Chess.com"]
[Date "2020.04.21"]
[Round "6"]
[White "SlavenPastar"]
[Black "pawnwonder"]
[Result "0-1"]
[WhiteElo "2393"]
[BlackElo "2208"]
[TimeControl "180+1"]
[EndTime "11:10:56 PDT"]
[Termination "pawnwonder won by resignation"]

1. e4 c5 2. Nc3 Nc6 3. f4 g6 4. Bb5 Nd4 5. Nf3 Bg7 6. O-O a6 7. Bd3 d6 8. Nxd4 cxd4 9. Ne2 e6 10. Qe1 Ne7 11. Qf2 Nc6 12. b3 O-O 13. Bb2 e5 14.
fxe5 dxe5 15. Ba3 Ne7 16. Bc4 Be6 17. Bxe6 fxe6 18. Qh4 Rxf1+ 19. Rxf1 Nc6 20. Qf2 Qd7 21. Nc1 b5 22. Bc5 Na5 23. Nd3 Nb7 24. Ba3 Rc8 25.
h4 a5 26. b4 a4 27. Nc5 Nxc5 28. bxc5 Qe7 29. g3 Bf8 30. Bb4 Qg7 31. Qe2 Qb7 32.
Qg4 Rc6 33. h5 Qg7 34. Kg2 gxh5 35. Qxh5 Qg6 36. Qxe5 Qg7 37. Qxg7+ Kxg7 38. c3 Bxc5 39. Bxc5 Rxc5 40. cxd4 Rc2 41. Rb1 Rxd2+ 42. Kf3 Rd3+ 43. Kf4 Rxd4 44. Rxb5 Rd2 45. Rb7+ Kf6 46. e5+ Kg6 47. Re7 Rxa2 48. Rxe6+ Kf7 49. Rf6+ Ke7 50. Ra6 Rf2+ 51. Kg5 Re2 52. Kf5 Rf2+ 53. Ke4 Re2+ 54. Kf4 Rf2+ 55. Ke3 Ra2 56. g4 a3 57. g5 Rg2 58. Kf4 a2 59. Ra7+ Ke6 60. Ra6+ Ke7 61. Kf5 Rf2+ 62. Kg4 Rg2+ 63. Kf4 Rf2+ 64. Ke3 Rg2 65.
Ra7+ Ke6 66. Ra5 Rxg5 67. Rxa2 Rxe5+ 68. Kf4 Rf5+ 69. Kg4 Rf7 70. Ra6+ Ke5 71. Ra5+ Ke4 72. Ra4+ Ke3 73. Ra3+ Ke4 74. Ra4+ Ke3 75. Ra3+ Ke2 76.
Kg5 Rg7+ 77. Kh6 Rb7 78. Rg3 Kf2 79. Rg7 Rxg7 80. Kxg7 h5 0-1

[Event "*** Titled Tuesday Blitz"]
[Site "Chess.com"]
[Date "2020.04.21"]
[Round "6"]
[White "lucliasco"]
[Black "sergiochess83"]
[Result "0-1"]
[WhiteElo "2645"]
[BlackElo "2820"]
[TimeControl "180+1"]
[EndTime "11:10:59 PDT"]
[Termination "sergiochess83 won by resignation"]

1. d4 Nf6 2. Nf3 d5 3. e3 c5 4.
b3 cxd4 5. exd4 Nc6 6. Bd3 Bg4 7.
Bb2 e6 8. Nbd2 Be7 9. O-O Rc8 10.
a3 O-O 11. h3 Bh5 12. Qe1 Bg6 13. Bxg6 hxg6 14. Qe2 Qc7 15. Rac1 Rfd8 16. Rfe1 Qa5 17. g3 Rc7 18. Kg2 Rdc8 19. b4 Qa4 20. c3 Ne8 21.
h4 Nd6 22. h5 gxh5 23. Rh1 Qb5 24. Qxb5 Nxb5 25. Rxh5 Nd6 26. Rch1 f6 27. g4 Kf7 28. g5 Nf5 29. gxf6 Bxf6 30. Nb3 b6 31. Nc1 Nce7 32. Nd3 Ng6 33. Re1 Rxc3 34. Bxc3 Rxc3 35. Nde5+ Bxe5 36. Nxe5+ Nxe5 37. dxe5 Rxa3 38. Rh8 a5 39. bxa5 bxa5 40.
Rb1 a4 41. Rb7+ Kg6 42. Re8 Nh4+ 43. Kf1 Kf5 44. Rxg7 Nf3 45. Rf7+ Kxe5 46. Rfe7 Nd4 47. Ra8 Ra2 48. Rea7 Rc2 49. Rxa4 Rc1+ 50. Kg2 Rd1 51. Ra2 Rd3 52. Rh8 Rc3 53. Rd2 Nf5 54. Re2+ Kf6 55. Rf8+ Kg6 56. Ra8 Rc6 57. Rg8+ Kf6 58. Ra8 Nh4+ 59.
Kh3 Nf5 60. Ra3 Rc4 61. Kg2 Rg4+ 62. Kf1 Rc4 63. Rf3 Rc6 64. Kg2 Kg5 65. Ra3 Nh4+ 66. Kf1 Nf5 67. f3 Kf6 68. Kf2 Rb6 69. Ra8 Rc6 70.
Rf8+ Kg7 71. Re8 Kf6 72. Rh8 Kg7 73. Rh1 Kf6 74. f4 Nd4 75. Rh6+ Kg7 76. Rd2 Kxh6 77. Rxd4 Kg6 78. Ra4 Kf5 79. Kf3 Rc3+ 80. Ke2 Rc4 81. Ra6 Rxf4 82. Kd3 Re4 83. Ra8 Rg4 84. Rf8+ Ke5 85.
Re8 Rg3+ 86. Ke2 d4 87. Ra8 Ke4 88. Kf2 Rf3+ 89. Kg2 Re3 90. Kf2 e5 91. Ra5 Rf3+ 92.
Ke1 Rc3 93. Ra8 d3 94. Rh8 Kd4 95. Rd8+ Ke3 96. Rc8 Rxc8 0-1

[Event "*** Titled Tuesday Blitz"]
[Site "Chess.com"]
[Date "2020.04.21"]
[Round "6"]
[White "LiamPutnam2008"]
[Black "Rozum_Ivan"]
[Result "0-1"]
[WhiteElo "2474"]
[BlackElo "2715"]
[TimeControl "180+1"]
[EndTime "11:11:06 PDT"]
[Termination "Rozum_Ivan won by checkmate"]

1. d4 d5 2. c4 c6 3. Nf3 Nf6 4. Nc3 dxc4 5. a4 Bf5 6. e3 e6 7.
Bxc4 Nbd7 8. Qe2 Bb4 9. O-O O-O 10. e4 Bg6 11. e5 Nd5 12. Bd2 N7b6 13. Nxd5 cxd5 14.
Bxb4 dxc4 15. Bxf8 Bd3 16. Qd2 Qxf8 17. Rfd1 a5 18.
Ne1 Be4 19. Nc2 Bc6 20. Ne3 Bxa4 21. Rdc1 Bb3 22. Rxa5 Rd8 23. Rb5 Nd5 24. Nxd5 Rxd5 25. Rxd5 exd5 26. Qa5 b5 27. Qxb5 Qa8 28. Qd7 h6 29. h4 Qa2 30. Qe8+ Kh7 31. Qxf7 Qxb2 32. Re1 Qd2 33. Qf5+ Kh8 34. Qc8+ Kh7 35. Qf5+ Kh8 36. Rf1 c3 37. e6 c2 38. Qf8+ Kh7 39. e7 Ba4 40.
Qf5+ Kh8 41. Qc8+ Kh7 42. h5 Qg5 43. e8=Q Bxe8 44. Qxe8 c1=Q 45. Qg6+ Kh8 46. Rxc1 Qxc1+ 47. Kh2 Qf4+ 48. Qg3 Qxd4 49. Qb8+ Kh7 50. Qg3 Qf6 51. f3 Qf5 52. Qh3 Qe5+ 53. Qg3 Qxh5+ 54. Kg1 Qf5 55.
Qf2 Qe5 56. g3 Kg6 57. Qc2+ Kf7 58. f4 Qe3+ 59. Kg2 Qe4+ 60. Qxe4 dxe4 61. Kf2 Ke6 62. g4 Kd5 63. Ke3 g6 64. f5 g5 65. f6 Ke6 66.
Kxe4 Kxf6 67. Kf3 Ke6 68. Ke4 Kf6 69. Kf3 Kf7 70. Ke3 Ke7 71. Kf3 Kd7 72. Ke3 Kd6 73. Kd3 Kd5 74. Ke3 Ke5 75. Kf3 Kd4 76. Kf2 Ke4 77. Kg3 Ke3 78. Kh3 Kf3 79. Kh2 Kxg4 80. Kg2 h5 81. Kf2 h4 82. Kg2 h3+ 83. Kh2 Kh4 84.
Kg1 Kg3 85. Kh1 Kf3 86. Kg1 g4 87. Kh2 Kf2 88. Kh1 h2 89. Kxh2 g3+ 90. Kh3 g2 91.
Kg4 g1=Q+ 92. Kf4 Qe1 93. Kf5 Kf3 94. Kf6 Qa5 95. Kf7 Qb6 96. Kg7 Qe6 97. Kh8 Kg4 98.
Kh7 Kg5 99. Kh8 Qe7 100. Kg8 Kg6 101. Kh8 Qf8# 0-1